 Dungeon Crawl Stone Soup version 0.31-a0-801-gc67433417a (webtiles) character file.

Game seed: 10577398433409256061

69 vaaraton the Conjurer (level 4, -15/24 HPs)
             Began as a Deep Elf Conjurer on Sept 20, 2023.
             Shot with an arrow by a centaur (16 damage)
             ... on level 5 of the Dungeon.
             The game lasted 00:13:00 (2630 turns).

vaaraton the Conjurer (Deep Elf Conjurer)           Turns: 2630, Time: 00:13:00

Health: -15/24     AC:  2    Str:  4    XL:     4   Next: 2%
Magic:  12/12      EV: 12    Int: 25    God:
Gold:   138        SH:  0    Dex: 13    Spells: 8/11 levels left

rFire   . . .        (no weapon)
rCold   . . .        (no shield)
rNeg    . . .        a - +0 robe
rPois   .            (no helmet)
rElec   .            (no cloak)
rCorr   .            (no gloves)
SInv    .            (no boots)
Will    .....        (no amulet)
Stlth   ++           (no ring)
HPRegen 0.24/turn    (no ring)
MPRegen 0.13/turn

%: no passive effects
@: no status effects
A: no striking features
a: no special abilities


You were on level 5 of the Dungeon.
You visited 1 branch of the dungeon, and saw 4 of its levels.

You collected 138 gold pieces.

Inventory:

Armour
 a - a +0 robe (worn)
Magical Staves
 f - a staff of death
Scrolls
 c - a scroll of teleportation {unknown}
 d - a scroll of amnesia {unknown}
 e - a scroll of poison {unknown}
 g - a scroll of enchant armour {unknown}
 j - a scroll of identify {unknown}
 k - a scroll of fog {unknown}
 m - a scroll of immolation {unknown}
Potions
 b - a potion of magic
 h - a potion of enlightenment {unknown}
 i - 2 potions of heal wounds {unknown}
 l - a potion of haste {unknown}
 n - a potion of cancellation {unknown}


   Skills:
 + Level 0.1 Fighting
 + Level 2.6 Dodging
 + Level 2.9 Stealth
 + Level 4.1 Spellcasting
 + Level 5.4 Conjurations


You had 8 spell levels left.
You knew the following spells:

 Your Spells              Type           Power      Damage    Failure   Level
a - Magic Dart            Conj           100%       1d8       1%          1
b - Searing Ray           Conj           64%        2d6       1%          2

Your spell library contained the following spells:

 Spells                   Type           Power      Damage    Failure   Level
 Dazzling Flash           Conj/Hex       36%        N/A       9%          3
 Fulminant Prism          Conj/Hex       9%         3d7       30%         4
 Iskenderun's Mystic Bla  Conj/Tloc      18%        2d6       30%         4


Dungeon Overview and Level Annotations

Branches:
Dungeon (3/15)

Altars:


Message History

You open the door.
There is an open door here.
You open the door.
Found an escape hatch in the floor.
There is an open door here.
Found 13 gold pieces.
Found a stone staircase leading down.
You now have 138 gold pieces (gained 13).
Found an amethyst potion.
n - an amethyst potion As you open the door, it creaks loudly!
You hear a shout! x4
An orc comes into view. It is wielding a +0 dagger.
An orc comes into view. It is wielding a +0 war axe.
An orc comes into view. It is wielding a +0 trident.
The orc throws a boomerang.
The boomerang hits you.
A centaur comes into view.
The centaur shouts!
The centaur wields a +0 orcbow.
The centaur shoots an arrow.
The arrow barely misses you.
The orc throws a boomerang.
The boomerang hits you.
There is an open door here.
You close the door.
A centaur opens the door.
There is an open door here.
You close the door.
Something unseen opens the door.
You open the door.
The centaur shoots an arrow.
The arrow barely misses you.
The centaur shoots an arrow.
The arrow barely misses you.
The centaur shoots an arrow.
The arrow hits you!
There is an open door, spattered with blood here.
You open the door. The orc attacks as it pursues you!
The orc closely misses you.
There is an open door here.
The centaur shoots an arrow.
The arrow misses you.
The centaur shoots an arrow.
The arrow hits you!!
Ouch! That really hurt!
* * * LOW HITPOINT WARNING * * *
The centaur shoots an arrow.
The arrow hits you!
Ouch! That really hurt!
You die...

#...............#
#...............#
#...............#
#.....c..c......#
#.....o.o.......#
##'######+#.....#
#.........#.....#
#...o.....#.....#
#.........#.@...#
#....co...#.....#
###########'###.....#
>#..##.........###+##
.#...#co.......#
.'...'..o......#
.#...#.........+
.#.###.........# ##.#
###+#.....#


You could see a centaur.

Vanquished Creatures
  2 adders (D:2)
  A worm (D:3)
  2 dart slugs
  7 ball pythons
  2 endoplasms
  4 hobgoblins
  7 jackals
  2 kobolds (D:1)
  4 quokkas (D:1)
  2 bats (D:1)
  2 frilled lizards (D:2)
  3 goblins
  2 rats (D:1)
40 creatures vanquished.

Notes
Turn   | Place    | Note
-------+----------+-------------------------------------------
     0 | D:1      | vaaraton the Deep Elf Conjurer began the quest for the Orb.
     0 | D:1      | Reached XP level 1. HP: 10/10 MP: 6/6
   335 | D:1      | Reached XP level 2. HP: 15/15 MP: 4/8
   586 | D:1      | Reached skill level 5 in Conjurations
  1143 | D:1      | Reached XP level 3. HP: 14/19 MP: 0/9
  1356 | D:1      | Learned a level 2 spell: Searing Ray
  1966 | D:2      | Found a faded altar of an unknown god.
  2475 | D:3      | Reached XP level 4. HP: 18/24 MP: 3/12
  2543 | D:3      | You fall into a shaft and drop 2 floors!
  2543 | D:5      | Entered Level 5 of the Dungeon
  2589 | D:5      | Noticed a centaur
  2627 | D:5      | HP: 1/24 [centaur/arrow (18)]
  2630 | D:5      | Shot with an arrow by a centaur

Illustrated notes

Levels and vault maps discovered:
D:1:      minmay_arrival_stone_box, layout_loops_corners
D:2:      layout_loops_ring, ebering_ecumenical_altar_box,
          hangedman_decor_clover_reticule, chequers_garden,
          wander_ebering_terrifying_dragon_lair
D:3:      minmay_inner_zag, layout_loops_ring, dreamdust_mushroom_princess,
          minmay_statues_item
D:5:      layout_gridville, nicolae_concentric_dashed_squares_mild,
          kennysheep_generic_room_7

Skill      XL: |  1  2  3 |
---------------+----------+-----
Conjurations   | 5 |  5.4
Spellcasting   | 4 |  4.1
Fighting       | |  0.1
Dodging        | |  2.6
Stealth        | |  2.9

Action                     |  1- 3 |  4- 6 || total
---------------------------+-------+-------++-------
   Cast: Magic Dart        |    72 |       ||    72
         Searing Ray       |     3 |       ||     3
 Armour: Robe              |    10 |     5 ||    15
  Dodge: Dodged            |    13 |     5 ||    18

Table legend: (Time is in decaauts)
 A = Elapsed time spent in this place.
 B = Non-inter-level travel time spent in this place.
 C = Inter-level travel time spent in this place.
 D = Time resting spent in this place.
 E = Time spent auto-exploring this place.
 F = Levels seen in this place.
 G = Mean time per level.
                   A        B        C        D        E       F      G
               +--------+--------+--------+--------+--------+-----+--------+
         Total |   2629 |   2472 |    157 |    423 |   1674 |   4 |  657.2 |
       Dungeon |   2629 |   2472 |    157 |    423 |   1674 |   4 |  657.2 |
               +--------+--------+--------+--------+--------+-----+--------+

Top non-repeatable levels by time:
     D:1: 1503 daAuts
     D:2: 939 daAuts
     D:3: 99 daAuts
     D:5: 86 daAuts
